 Dungeon Crawl Stone Soup version 0.29.0-4-gdea44cf6ec (webtiles) character file.

Game seed: 5164625281201646269

109 qw the Chopper (level 4, -6/26 HPs)
             Began as a Tengu Warper on Aug 28, 2022.
             Killed by divine providence
             ... invoked by an orc priest
              (12 damage)
             ... on level 3 of the Dungeon.
             The game lasted 00:00:13 (2874 turns).

qw the Chopper (Tengu Warper)                       Turns: 2874, Time: 00:00:13

Health: -6/26      AC:  8    Str: 13    XL:     4   Next: 89%
Magic:  8/8        EV:  6    Int: 13    God:
Gold:   89         SH:  0    Dex: 14    Spells: 7/7 levels left

rFire   . . .      SeeInvis .   f - +0 broad axe
rCold   . . .      Faith    .   (no shield)
rNeg    . . .      Spirit   .   c - +0 chain mail
rPois   .          Reflect  .   (helmet restricted)
rElec   .          Harm     .   (no cloak)
rCorr   .          Rampage  .   (no gloves)
Will    .....                   (boots unavailable)
Stlth   ..........              (no amulet)
HPRegen 0.08/turn               (no ring)
MPRegen 0.11/turn               (no ring)

@: no status effects
A: beak, talons 3
a: no special abilities


You were on level 3 of the Dungeon.
You visited 1 branch of the dungeon, and saw 3 of its levels.

You collected 137 gold pieces.
You spent 48 gold pieces at shops.


Innate Abilities, Weirdness & Mutations

You have a beak for a mouth.
You have claws for feet.


   Skills:
 - Level 2.0 Fighting
 + Level 5.4 Axes
 - Level 1.0 Throwing
 - Level 1.1 Armour
 - Level 2.1 Dodging
 - Level 2.0 Spellcasting
 - Level 2.4 Translocations


You had 7 spell levels left.
You didn't know any spells.
Your spell library contained the following spells:

 Spells                   Type           Power      Damage    Failure   Level
 Blink                    Tloc           14%        N/A       99%         2
 Gell's Gravitas          Tloc           7%         N/A       100%        3
 Lesser Beckoning         Tloc           7%         N/A       100%        3
 Teleport Other           Tloc           7%         N/A       100%        3
 Manifold Assault         Tloc           7%         N/A       100%        5

Inventory:

Hand Weapons
 f - a +0 broad axe (weapon)
 g - a +0 whip
Armour
 c - a +0 chain mail (worn)
Potions
 a - 3 potions of brilliance {unknown}
 b - a potion of might
 d - 2 potions of mutation {unknown}
 e - a potion of heal wounds {unknown}
 h - a potion of resistance {unknown}
 i - a potion of flight {unknown}
 j - a potion of ambrosia {unknown}

Dungeon Overview and Level Annotations

Branches:
Dungeon (3/15)

Altars:
Elyvilon
The Shining One

Shops:
D:3 !=


Message History

The orc priest shouts!
You hit the orc but do no damage. You peck the orc.
The orc is heavily wounded.
You hear a shout!
The orc hits you but does no damage.
You barely miss the orc.
The orc is heavily wounded.
The orc completely misses you.
An orc comes into view. It is wielding a +0 dagger.
You hit the orc.
The orc is heavily wounded.
The orc priest calls down the wrath of Beogh upon you.
Beogh smites you!
An orc priest comes into view. It is wielding a +0 short sword.
The orc hits you but does no damage.
You barely miss the orc.
The orc priest shouts!
You claw the orc.
The orc is almost dead.
The orc hits you with a +0 flail.
You closely miss the orc. Your kick misses the orc.
The orc is almost dead.
The orc barely misses you. The orc hits you with a +0 flail.
You barely miss the orc. You claw the orc.
You kill the orc!
You barely miss the orc. You claw the orc.
You kill the orc!
You hit the orc priest but do no damage.
You claw the orc priest.
You peck the orc priest, but do no damage.
The orc priest is moderately wounded.
The orc priest hits you with a +0 mace.
The orc priest miscasts a cantrip.
The orc priest hits you with a +0 mace.
You hit the orc priest. Your kick misses the orc priest.
You peck the orc priest, but do no damage.
The orc priest is heavily wounded.
The orc priest mumbles some strange prayers to Beogh against you.
Beogh smites you!
You die...

#.#.###########
#######.#.# ........#.#
#######.#.# #.....#.#
#.#.#.#.# #.#.#.#.#
########.#.#.#
....ooo@.#.#.###########
##########<#.......%....
###############


You could see 2 orc priests and an orc.

Vanquished Creatures
  Jessica (D:3)
  Robin (D:3)
  2 adders
  A worm (D:2)
  4 dart slugs
  2 orcs (D:3)
  2 endoplasms (D:1)
  4 giant cockroaches
  7 hobgoblins
  A quokka (D:3)
  2 bats
  2 frilled lizards (D:2)
  5 goblins
  4 kobolds
  5 rats
43 creatures vanquished.

Notes
Turn   | Place    | Note
-------+----------+-------------------------------------------
     0 | D:1      | qw the Tengu Warper began the quest for the Orb.
     0 | D:1      | Reached XP level 1. HP: 12/12 MP: 4/4
     0 | D:1      | 0 ||| qw: Version: 0.1-a-89-g26bdef1
     0 | D:1      | 0 ||| qw: Game counter: 1596
     0 | D:1      | 0 ||| qw: Always use a shield: true
     0 | D:1      | 0 ||| qw: God list: Okawaru
     0 | D:1      | 0 ||| qw: Allow faded altars: false
     0 | D:1      | 0 ||| qw: Do Orc after D:15 true
     0 | D:1      | 0 ||| qw: Do second Lair branch before Depths: true
     0 | D:1      | 0 ||| qw: Lair rune preference: random
     0 | D:1      | 0 ||| qw: Plans: Normal
     0 | D:1      | 0 ||| PLANNING D:1-11
    95 | D:1      | Found a faded altar of an unknown god.
   150 | D:1      | 150 ||| Stepping ~*~*~tactically~*~*~ (stealth).
   207 | D:1      | 207 ||| Stepping ~*~*~tactically~*~*~ (stealth).
   224 | D:1      | Reached skill level 3 in Axes
   224 | D:1      | Reached XP level 2. HP: 15/17 MP: 6/6
   253 | D:1      | 253 ||| DROPPING +0 club.
   759 | D:1      | 759 ||| READING scroll labelled NENAVI GUSEA.
   760 | D:1      | 760 ||| READING scroll labelled PICOGE JUKHLATZ.
   761 | D:1      | 761 ||| READING scroll labelled XEDUSURESI.
   764 | D:1      | 764 ||| DROPPING scroll of blinking.
   803 | D:2      | 803 ||| Stepping ~*~*~tactically~*~*~ (hiding).
  1217 | D:2      | Found a white marble altar of Elyvilon.
  1227 | D:2      | Reached XP level 3. HP: 21/21 MP: 7/7
  1421 | D:2      | 1421 ||| Stepping ~*~*~tactically~*~*~ (hiding).
  1731 | D:2      | Reached skill level 4 in Axes
  2146 | D:2      | 2146 ||| UPGRADING to +0 chain mail.
  2156 | D:2      | 2156 ||| DROPPING +0 leather armour.
  2157 | D:2      | 2157 ||| READING scroll labelled SEPPUCV KEDIA.
  2198 | D:3      | Found Jiwnos's Distillery.
  2214 | D:3      | 2214 ||| SHOPLISTING potion of haste (120 gold, have 115).
  2214 | D:3      | 2214 ||| BUYING potion of might (48 gold).
  2214 | D:3      | Bought a potion of might for 48 gold pieces
  2214 | D:3      | 2214 ||| SHOPLISTING potion of mutation (96 gold, have 67).
  2290 | D:3      | Found Pair's Jewellery Shoppe.
  2295 | D:3      | 2295 ||| Stepping ~*~*~tactically~*~*~ (stealth).
  2302 | D:3      | 2302 ||| Stepping ~*~*~tactically~*~*~ (stealth).
  2309 | D:3      | Noticed Robin
  2310 | D:3      | 2310 ||| Stepping ~*~*~tactically~*~*~ (hiding).
  2312 | D:3      | 2312 ||| Stepping ~*~*~tactically~*~*~ (hiding).
  2314 | D:3      | 2314 ||| Stepping ~*~*~tactically~*~*~ (hiding).
  2315 | D:3      | 2315 ||| Stepping ~*~*~tactically~*~*~ (hiding).
  2327 | D:3      | Killed Robin
  2328 | D:3      | Reached XP level 4. HP: 23/26 MP: 8/8
  2358 | D:3      | 2358 ||| SHOPLISTING ring "Celiblic" {rPois Int+4} (460
                  | gold, have 77).
  2358 | D:3      | 2358 ||| SHOPLISTING ring "Rooleg" {rPois SInv} (340 gold,
                  | have 77).
  2358 | D:3      | 2358 ||| SHOPLISTING ring of positive energy (260 gold,
                  | have 77).
  2358 | D:3      | 2358 ||| SHOPLISTING ring of resist corrosion (260 gold,
                  | have 77).
  2404 | D:3      | Found a glowing golden altar of the Shining One.
  2506 | D:3      | 2506 ||| SWAPPING to +0 broad axe.
  2507 | D:3      | 2507 ||| DROPPING +0 hand axe.
  2627 | D:3      | 2627 ||| Stepping ~*~*~tactically~*~*~ (hiding).
  2628 | D:3      | 2628 ||| Stepping ~*~*~tactically~*~*~ (hiding).
  2833 | D:3      | Noticed Jessica
  2839 | D:3      | Killed Jessica
  2840 | D:3      | Reached skill level 5 in Axes
  2873 | D:3      | HP: 6/26 [orc priest/+0 mace (1)]
  2874 | D:3      | Killed from afar by an orc priest

Levels and vault maps discovered:
D:1:      matt_arrival_spirals, layout_basic,
          hellmonk_ecumenical_altar_crossroads
D:2:      layout_basic, basic_altar
D:3:      layout_basic, old_standard_altar, serial_shops, shop, shop,
          shop_statue, nicolae_shop_temple_entry_statues_fountains,
          nicolae_shop_statue_plus, lemuel_flame_loot_1, uniq_jessica,
          uniq_robin

Skill      XL: |  1  2  3  4 |
---------------+-------------+-----
Axes           | 3 4 5 |  5.4
Fighting       | |  2.0
Throwing       | |  1.0
Armour         | |  1.1
Dodging        | |  2.1
Spellcasting   | |  2.0
Translocations | |  2.4

Action                   |  1- 3 |  4- 6 || total
-------------------------+-------+-------++-------
Melee: Hand axe          |    70 |     3 ||    73
       Kick              |    17 |     5 ||    22
       Peck              |     8 |     7 ||    15
       Punch             |     2 |       ||     2
       Broad axe         |       |    17 ||    17
Throw: Boomerang         |     7 |       ||     7
  Use: Scroll            |     4 |       ||     4
Armor: Leather armour    |     7 |       ||     7
       Chain mail        |    16 |     5 ||    21
Dodge: Dodged            |    34 |     5 ||    39

Table legend:
 A = Non-vault XP
 B = Vault XP
 C = Vault XP percentage of total XP
 D = Non-vault monster count
 E = Vault monster count
 F = Vault count percentage of total count
                 A         B        C        D         E       F
            +---------+---------+-------+---------+---------+-------
      Total |      91 |      65 |  41.7 |      35 |       8 |  18.6
            +---------+---------+-------+---------+---------+-------
        D:1 |      20 |       0 |   0.0 |      13 |       0 |   0.0
        D:2 |      40 |       0 |   0.0 |      14 |       0 |   0.0
        D:3 |      31 |      65 |  67.7 |       8 |       8 |  50.0
            +---------+---------+-------+---------+---------+-------
